 Dungeon Crawl Stone Soup version 0.32-a0-135-g14f8b2e1af (webtiles) character file.

Game seed: 15749420374555434601

81 Zoltraak the Poker (level 4, 0/35 HPs)
             Began as a Demonspawn Gladiator on Feb 10, 2024.
             Slain by a centaur skeleton (4 damage)
             ... on level 3 of the Dungeon.
             The game lasted 00:22:50 (1555 turns).

Zoltraak the Poker (Demonspawn Gladiator)           Turns: 1555, Time: 00:22:51

Health: 0/35       AC: 12    Str: 16    XL:     4   Next: 19%
Magic:  4/4        EV:  8    Int: 14    God:
Gold:   47         SH:  4    Dex: 15    Spells: 3/3 levels left

rFire   . . .        a - +0 trident
rCold   . . .        (no shield)
rNeg    . . .        r - +0 chain mail
rPois   .            v - +2 helmet
rElec   .            (no cloak)
rCorr   .            (no gloves)
SInv    .            (no boots)
Will    .....        (no amulet) Stlth
                     m - +6 ring of intelligence
HPRegen 0.25/turn    (no ring)
MPRegen 0.09/turn

%: no passive effects
@: no status effects
A: rugged brown scales 1, demonic guardian 1, condensation shield
a: no special abilities


You were on level 3 of the Dungeon.
You visited 1 branch of the dungeon, and saw 4 of its levels.

You collected 47 gold pieces.

Inventory:

Hand Weapons
 a - a +0 trident (weapon)
 f - a +0 trident
 g - a +1 dagger of venom
 l - a +0 club
 n - a +0 hand axe
 o - a +0 sling
 s - a +0 flail
 u - a +0 sling
Missiles
 d - 3 throwing nets (quivered)
 e - a javelin
 h - 3 boomerangs
 p - 8 stones
 t - 5 poisoned darts
Armour
 b - a +0 leather armour
 c - a +0 helmet
 i - a +0 robe
 j - a +0 leather armour
 k - a +0 scale mail {qwe}
 q - a +0 scale mail
 r - a +0 chain mail (worn)
 v - a +2 helmet (worn)
 w - a +2 ring mail of fire resistance
Jewellery
 m - a +6 ring of intelligence (left hand)
Scrolls
 y - a scroll of vulnerability


   Skills:
 + Level 2.4 Fighting
 + Level 3.6 Polearms
 + Level 2.0 Throwing
 + Level 0.7 Armour
 + Level 3.2 Dodging
 + Level 0.2 Stealth
 + Level 0.1 Shields


You had 3 spell levels left.
You didn't know any spells.
Your spell library was empty.

Dungeon Overview and Level Annotations

Branches:
Dungeon (4/15)
 Temple: D:4-7

Altars:

Annotations:
D:2 Jessica
D:3 Bapho's ghost, amateur DrSh


Innate Abilities, Weirdness & Mutations

You are partially covered in rugged brown scales. (AC +1, +3% HP)
A weak demonic guardian rushes to your aid.
A meltable shield of frost defends you. (SH +4)


Message History

The killer bee zombie closely misses you.
Your resistance to elements expires.
The killer bee zombie attacks as it pursues you!
The killer bee zombie hits you but does no damage.
Your iron imp hits the centaur zombie!
You block the centaur zombie's attack.
The centaur zombie kicks you but does no damage.
The killer bee zombie attacks as it pursues you!
The killer bee zombie hits you but does no damage.
You block the killer bee zombie's attack.
The centaur zombie attacks as it pursues you!
The centaur zombie hits you but does no damage.
The centaur zombie barely misses you. The killer bee zombie hits you.
* * * LOW HITPOINT WARNING * * *
The centaur zombie hits you but does no damage.
The centaur zombie kicks you but does no damage.
The killer bee zombie hits you but does no damage.
The centaur skeleton barely misses you.
The centaur skeleton closely misses you.
Your iron imp misses the killer bee zombie.
As you read the scroll labelled CYNTIUKLANK, it dissolves into smoke.
It was a scroll of fog.
The killer bee zombie hits you but does no damage.
The centaur zombie closely misses you. You block the centaur zombie's attack.
The centaur skeleton hits you but does no damage.
The centaur skeleton kicks you but does no damage.
The killer bee zombie hits you but does no damage.
Bapho's ghost hits your iron imp.
The centaur zombie hits you but does no damage.
The centaur zombie barely misses you.
The centaur skeleton attacks as it pursues you!
The centaur skeleton closely misses you.
The centaur skeleton kicks you but does no damage.
The centaur zombie attacks as it pursues you!
The centaur zombie completely misses you.
The centaur zombie kicks you but does no damage.
The killer bee zombie hits you.
* * * LOW HITPOINT WARNING * * *
The centaur skeleton hits you.
You die...

# #.# ####.##### .#
## .........# #.# .#
.........# #.# .#
.........###.##+#.#
..................#
..................#.#
......[...........#.#
................@<#.#
.............§§ZZ##.#
.............§§§Z5..#
.........#####§§§Z..#
########## #..§§..#
#..W...# #......#
#......# # #....### #


You could see a killer bee zombie (ally target), a centaur zombie, a centaur
skeleton and a friendly iron imp (summoned).

Vanquished Creatures
  Robin (D:2)
  A dart slug (D:2)
  4 ball pythons
  4 endoplasms
  A giant cockroach (D:1)
  8 goblins
  5 hobgoblins
  3 kobolds
  A quokka (D:2)
  A frilled lizard (D:1)
  7 rats
36 creatures vanquished.

Vanquished Creatures (collateral kills)
  Terence (D:3)
  A rat (D:3)
2 creatures vanquished.

Grand Total: 38 creatures vanquished

Notes
Turn   | Place    | Note
-------+----------+-------------------------------------------
     0 | D:1      | Zoltraak the Demonspawn Gladiator began the quest for the
                  | Orb.
     0 | D:1      | Reached XP level 1. HP: 16/16 MP: 1/1
   173 | D:2      | Gained mutation: You are partially covered in rugged brown
                  | scales. (AC +1, +3% HP) [demonic ancestry]
   173 | D:2      | Reached XP level 2. HP: 12/22 MP: 2/2
   206 | D:2      | Noticed Jessica
  1086 | D:2      | Gained mutation: A meltable shield of frost defends you.
                  | (SH +4) [demonic ancestry]
  1086 | D:2      | Reached XP level 3. HP: 27/27 MP: 3/3
  1192 | D:2      | Noticed Robin
  1213 | D:2      | Killed Robin
  1464 | D:3      | Noticed Terence
  1484 | D:3      | Killed Terence
  1485 | D:3      | Gained mutation: A weak demonic guardian rushes to your
                  | aid. [demonic ancestry]
  1485 | D:3      | Reached XP level 4. HP: 13/35 MP: 4/4
  1531 | D:3      | Found a runed translucent gate.
  1532 | D:3      | Found a runed translucent gate.
  1533 | D:3      | Found a runed translucent gate.
  1535 | D:3      | Noticed Bapho's ghost (amateur DrSh)
  1555 | D:3      | Slain by a centaur skeleton

Illustrated notes

Levels and vault maps discovered:
D:1:      saegor_arrival_under_anarchy, layout_rooms, palyth_stone_intersect
D:2:      layout_rooms, uniq_jessica, uniq_robin
D:3:      layout_basic, kennysheep_vampire_church, gammafunk_ghost_necromancy,
          uniq_terence
D:4:      layout_loops_ring, mainiacjoe_overflow_paths,
          nicolae_uskayaw_en_pointe, nicolae_hepliaklqana_hippocampus,
          nicolae_ossuary_entry_ruins, gammafunk_ghost_icy, uniq_ijyb,
          uniq_crazy_yiuf_cottage

Skill      XL: |  1  2  3 |
---------------+----------+-----
Dodging        | 3 |  3.2
Polearms       | 3 |  3.6
Throwing       | 2 |  2.0
Fighting       | |  2.4
Armour         | |  0.7
Stealth        | |  0.2
Shields        | |  0.1

Action                     |  1- 3 |  4- 6 || total
---------------------------+-------+-------++-------
  Melee: Trident           |   120 |     5 ||   125
         Punch             |     5 |       ||     5
  Throw: Throwing net      |     2 |       ||     2
    Use: Potion            |     3 |       ||     3
         Scroll            |     3 |     1 ||     4
 Armour: Leather armour    |    11 |       ||    11
         Scale mail        |    37 |       ||    37
         Chain mail        |    64 |    31 ||    95
         Skin              |     2 |       ||     2
  Dodge: Dodged            |    58 |    22 ||    80
  Block: Other             |    17 |     7 ||    24

Table legend: (Time is in decaauts)
 A = Elapsed time spent in this place.
 B = Non-inter-level travel time spent in this place.
 C = Inter-level travel time spent in this place.
 D = Time resting spent in this place.
 E = Time spent auto-exploring this place.
 F = Levels seen in this place.
 G = Mean time per level.
                   A        B        C        D        E       F      G
               +--------+--------+--------+--------+--------+-----+--------+
         Total |   1569 |    926 |    643 |      0 |     98 |   4 |  392.2 |
       Dungeon |   1569 |    926 |    643 |      0 |     98 |   4 |  392.2 |
               +--------+--------+--------+--------+--------+-----+--------+

Top non-repeatable levels by time:
     D:1: 1069 daAuts
     D:2: 322 daAuts
     D:3: 176 daAuts
     D:4: 1 daAuts
